 Dungeon Crawl Stone Soup version 0.30-a0-50-gb2d611f6b1 (webtiles) character file.

Game seed: 13342533370771417004

249 gruber the Grave Robber (level 5, -7/35 HPs)
             Began as a Demonspawn Necromancer on Sept 4, 2022.
             Mangled by an ogre
             ... wielding a +0 giant club
              (27 damage)
             ... on level 3 of the Dungeon.
             The game lasted 00:03:21 (3383 turns).

gruber the Grave Robber (Demonspawn Necromancer)    Turns: 3383, Time: 00:03:22

Health: -7/35      AC:  4    Str:  9    XL:     5   Next: 86%
Magic:  4/10       EV: 14    Int: 18    God:
Gold:   169        SH:  5    Dex: 13    Spells: 6/10 levels left

rFire   . . .      SeeInvis .    s - +3 dagger (venom)
rCold   . . .      Faith    .    (no shield)
rNeg    . . .      Spirit   .    a - +0 robe
rPois   .          Reflect  +    (no helmet)
rElec   .          Harm     .    l - +0 cloak
rCorr   .          Rampage  .    k - +0 pair of gloves
Will    .....                    (no boots)
Stlth   ++........               d - amulet of reflection
HPRegen 0.11/turn                (no ring)
MPRegen 0.12/turn                (no ring)

@: no status effects
A: repulsion field 1, demonic guardian 1
a: no special abilities


You were on level 3 of the Dungeon.
You visited 1 branch of the dungeon, and saw 3 of its levels.

You collected 169 gold pieces.

Inventory:

Hand Weapons
 s - a +3 dagger of venom (weapon)
Armour
 a - a +0 robe (worn)
 k - a +0 pair of gloves (worn)
 l - a +0 cloak (worn)
Jewellery
 d - an amulet of reflection (around neck)
Wands
 r - a wand of polymorph (10)
Scrolls
 e - 3 scrolls of noise {unknown}
 g - a scroll of teleportation {unknown}
 j - 2 scrolls of identify {unknown}
 n - a scroll of enchant weapon {unknown}
 p - a scroll of fog {unknown}
Potions
 b - 2 potions of magic
 f - a potion of lignification {unknown}
 h - a potion of might {unknown}
 i - 2 potions of curing {unknown}
 m - a potion of heal wounds {unknown}
 o - 2 potions of haste {unknown}
 q - a potion of brilliance {unknown}


   Skills:
 - Level 1.7 Dodging
 - Level 1.7 Stealth
 + Level 3.4 Spellcasting
 * Level 7.0 Necromancy


You had 6 spell levels left.
You knew the following spells:

 Your Spells              Type           Power      Damage    Failure   Level
a - Necrotise             Necr           100%       1d9       1%          1
b - Vampiric Draining     Necr           28%        2d8       2%          3

Your spell library contained the following spells:

 Spells                   Type           Power      Damage    Failure   Level
 Animate Dead             Necr           28%        N/A       9%          4
 Freeze                   Ice            12%        1d4       16%         1
 Agony                    Necr           28%        N/A       24%         5
 Frozen Ramparts          Ice            6%         1d1       43%         3
 Hailstorm                Conj/Ice       3%         3d3       83%         4


Dungeon Overview and Level Annotations

Branches:
Dungeon (3/15)

Altars:


Innate Abilities, Weirdness & Mutations

You are surrounded by a mild repulsion field. (EV +2)
A weak demonic guardian rushes to your aid.


Message History

You hit the endoplasm.
The endoplasm is poisoned.
The endoplasm is heavily wounded.
You block the kobold's attack. The endoplasm closely misses you.
Unknown command.
Unknown command.
The endoplasm attacks as you move away! The endoplasm barely misses you.
The kobold attacks as you move away! The kobold closely misses you.
You kill the endoplasm!
Casting: Necrotise (safe; 1% risk of failure)
Confirm with . or Enter, or press ? or * to list all spells.
Aiming: Necrotise (safe; 1% risk of failure)
Press: ? - help, Shift-Dir - straight line, f - kobold
Aim: a kobold, wielding a +0 short sword (chance to affect: 93%)
The kobold barely resists.
The kobold closely misses you.
Unknown command.
The ogre attacks as you move away! The ogre barely misses you.
The kobold attacks as you move away! The kobold closely misses you.
The kobold attacks as you move away! The kobold completely misses you.
The ogre attacks as you move away!
The ogre hits you with a +0 giant club!!
Ouch! That really hurt!
Casting: Necrotise (safe; 1% risk of failure)
Confirm with . or Enter, or press ? or * to list all spells.
Aiming: Vampiric Draining (dangerous; 2% risk of failure)
Press: ? - help, Shift-Dir - straight line, f/p - kobold
Aim: a kobold, wielding a +0 short sword You draw life force from the kobold!
You kill the kobold!
You feel life coursing into your body.
Unknown command.
Unknown command.
Casting: Vampiric Draining (dangerous; 2% risk of failure)
Confirm with . or Enter, or press ? or * to list all spells.
Aiming: Vampiric Draining (dangerous; 2% risk of failure)
Press: ? - help, Shift-Dir - straight line, f - ogre
Aim: an ogre, wielding a +0 giant club You draw life force from the ogre!
You feel life coursing into your body.
The ogre hits you with a +0 giant club!!
Ouch! That really hurt!
You die...

#.........##.##########.##.#
#.####.##.##............##.# #
#.# #.##.##.##########....### #.#
#.##.##.# #.........
#.####.##.##.# #.#.######
#..Z.#.##.##.# #.#.# #
#####.#.##.##.# #.#.#
##.Z...#.#..##.########.#.#
#..##..#.#.....@OK......#.######
##..##.......######......#.##...#
....##..#..###....###...........#
###.....#.## ......(.K...#.##...#
#.#.##..# ######.........)....
#.#.##.## ##....##....##.......
#.#.##.# #..[K..#....##...)...
#.#..#.# #$.#....##.##...#
#.#....# #[....#.#..##..(#


You could see an ogre and a kobold.

Vanquished Creatures
  An ogre (D:2)
  Ijyb (D:3)
  3 gnolls (D:3)
  3 adders
  A worm (D:2)
  2 dart slugs
  5 orcs (D:3)
  4 bats
  5 endoplasms
  2 giant cockroaches (D:1)
  5 goblins
  4 hobgoblins
  10 jackals
  3 quokkas
  5 ball pythons
  3 frilled lizards
  5 kobolds
  4 rats
66 creatures vanquished.

Vanquished Creatures (collateral kills)
  A goblin (D:2)
  A hobgoblin (D:1)
  A jackal (D:1)
  A rat (D:1)
4 creatures vanquished.

Grand Total: 70 creatures vanquished

Notes
Turn   | Place    | Note
-------+----------+-------------------------------------------
     0 | D:1      | gruber the Demonspawn Necromancer began the quest for the
                  | Orb.
     0 | D:1      | Reached XP level 1. HP: 13/13 MP: 3/3
   182 | D:1      | Gained mutation: You are surrounded by a mild repulsion
                  | field. (EV +2) [demonic ancestry]
   182 | D:1      | Reached XP level 2. HP: 16/19 MP: 1/5
   276 | D:1      | Reached skill level 5 in Necromancy
   705 | D:1      | Reached XP level 3. HP: 18/24 MP: 0/6
  1470 | D:2      | Noticed an ogre
  1519 | D:2      | Learned a level 3 spell: Vampiric Draining
  2006 | D:2      | Reached XP level 4. HP: 30/30 MP: 4/7
  2306 | D:2      | Reached skill level 6 in Necromancy
  2392 | D:2      | Killed an ogre
  2393 | D:2      | Gained mutation: A weak demonic guardian rushes to your
                  | aid. [demonic ancestry]
  2393 | D:2      | Reached XP level 5. HP: 35/35 MP: 0/9
  2976 | D:3      | Found a faded altar of an unknown god.
  3280 | D:3      | Noticed Ijyb
  3321 | D:3      | Killed Ijyb
  3322 | D:3      | Reached skill level 7 in Necromancy
  3365 | D:3      | Noticed an ogre
  3383 | D:3      | Mangled by an ogre

Illustrated notes

Levels and vault maps discovered:
D:1:      minmay_arrival_jagged, layout_basic
D:2:      layout_basic, chequers_jeans, minmay_misc_feat_nine_boxes
D:3:      layout_loops_ring, basic_ecumenical_altar,
          minmay_randomly_rotated_circles, uniq_ijyb

Skill      XL: |  1  2  3  4  5 |
---------------+----------------+-----
Necromancy     | 5 6 7 |  7.0
Spellcasting   | 3 |  3.4
Dodging        | |  1.7
Stealth        | |  1.7

Action                   |  1- 3 |  4- 6 || total
-------------------------+-------+-------++-------
Melee: Dagger            |    37 |     1 ||    38
       Unarmed           |     2 |       ||     2
 Cast: Necrotise         |    59 |    54 ||   113
       Vampiric Draining |       |     2 ||     2
 Stab: Sleeping          |     1 |       ||     1
Armor: Robe              |     9 |     2 ||    11
Dodge: Dodged            |    58 |    16 ||    74
Block: Other             |     3 |     1 ||     4

Table legend: (Time is in decaauts)
 A = Elapsed time spent in this place.
 B = Non-inter-level travel time spent in this place.
 C = Inter-level travel time spent in this place.
 D = Time resting spent in this place.
 E = Time spent auto-exploring this place.
 F = Levels seen in this place.
 G = Mean time per level.
                   A        B        C        D        E       F      G
               +--------+--------+--------+--------+--------+-----+--------+
         Total |   3381 |   3326 |     55 |     38 |   2817 |   3 | 1127.0 |
       Dungeon |   3381 |   3326 |     55 |     38 |   2817 |   3 | 1127.0 |
               +--------+--------+--------+--------+--------+-----+--------+

Top non-repeatable levels by time:
     D:1: 1372 daAuts
     D:2: 1155 daAuts
     D:3: 853 daAuts
